 Dungeon Crawl Stone Soup version 0.20.0-7-g3b7b877 (webtiles) character file.

12570 kuniqs the Skirmisher (level 11, -1/60 HPs)
             Began as a Vine Stalker Earth Elementalist on May 29, 2017.
             Was a Believer of Uskayaw.
             Splashed by a brown ugly thing's acid (5 damage)
             ... on level 11 of the Dungeon.
             The game lasted 00:17:58 (9188 turns).

kuniqs the Skirmisher (VSEE)                        Turns: 9188, Time: 00:17:59

Health: -1/60      AC:  7    Str: 15    XL:     11   Next: 95%
Magic:  0/35       EV: 13    Int: 15    God:    Uskayaw [**....]
Gold:   488        SH:  3    Dex: 14    Spells: 13/14 levels left

rFire    + . .     SeeInvis .   Q - +8 spear of Defenestration {freeze, rElec}
rCold    . . .     Gourm    .   (no shield)
rNeg     . . .     Faith    .   I - +6 scale mail of the Bells {MP+9}
rPois    .         Spirit   +   b - +0 helmet
rElec    +         Reflect  +   u - +0 cloak
rCorr    .         Harm     .   s - +2 pair of gloves
MR       +....                  (no boots)
Stlth    +.........             M - +3 amulet of reflection
Regen    0.6/turn               h - ring of protection from fire
MPRegen  0.3/turn               i - ring of magical power

@: corroded
A: fangs 3, regeneration 1, magic shield, antimagic bite, no potion heal 3, rot
immunity
a: Stomp, Line Pass, Renounce Religion


You were on level 11 of the Dungeon.
You worshipped Uskayaw.
Uskayaw was noncommittal.
You were not hungry.

You visited 2 branches of the dungeon, and saw 14 of its levels.
You also visited: Sewer.

You collected 605 gold pieces.
You spent 117 gold pieces at shops.

Inventory:

Hand Weapons
 a - a +0 short sword
 D - a +3 long sword
 Q - the +8 spear of Defenestration (weapon) {freeze, rElec}
   (You found it on level 7 of the Dungeon)

   It has been specially enchanted to freeze those struck by it, causing extra
   injury to most foes and up to half again as much damage against particularly
   susceptible opponents.
   It can also slow down cold-blooded creatures.
   It insulates you from electricity.
Missiles
 l - a throwing net (quivered)
Armour
 b - a +0 helmet (worn)
 s - a +2 pair of gloves (worn)
 u - a +0 cloak (worn)
 v - +0 fire dragon scales
 I - the +6 scale mail of the Bells (worn) {MP+9}
   (You found it on level 6 of the Dungeon)

   It affects your magic capacity (+9).
Jewellery
 h - a ring of protection from fire (left hand)
 i - a ring of magical power (right hand)
 M - a +3 amulet of reflection (around neck)
Wands
 w - a wand of confusion (20/48)
 C - a wand of paralysis (0/24)
 S - a wand of confusion (19/48)
Scrolls
 g - 2 scrolls of magic mapping
 j - 5 scrolls of identify {unknown}
 m - a scroll of noise {unknown}
 n - 2 scrolls of enchant armour {unknown}
 o - 7 scrolls of teleportation
 q - 5 scrolls of remove curse {@r2}
 r - a scroll of fog
 t - 3 scrolls of enchant weapon {unknown}
 y - a scroll of blinking
 z - a scroll of silence {unknown}
 F - 2 scrolls of fear {unknown}
 J - 2 scrolls of recharging {unknown}
 K - a scroll of holy word {unknown}
 P - a scroll of vulnerability {unknown}
 R - a scroll of random uselessness {unknown}
 T - a scroll of brand weapon {unknown}
Potions
 c - 5 potions of curing {@q1}
 k - 3 potions of lignification {unknown}
 p - 3 potions of haste
 x - a potion of cancellation {unknown}
 B - a potion of resistance {unknown}
 E - a potion of invisibility {unknown}
 G - 3 potions of flight {unknown}
 H - 2 potions of berserk rage
 L - a potion of brilliance {unknown}
 N - a potion of mutation {unknown}
 O - a potion of might
 U - a potion of ambrosia {unknown}
 V - a potion of degeneration {unknown}
 Y - a potion of agility {unknown}
Miscellaneous
 W - a sack of spiders
 Z - a lamp of fire (inert)
Comestibles
 d - 6 bread rations
 e - 5 meat rations
 f - 8 fruits
 A - 2 royal jellies
 X - 5 chunks of flesh


   Skills:
 + Level 7.8 Fighting
 + Level 7.8 Short Blades
 + Level 7.1 Armour
 + Level 7.4 Dodging
 - Level 2.4 Stealth
 - Level 2.1 Spellcasting
   Level 1.0 Transmutations
 - Level 3.0 Earth Magic
 + Level 7.6 Invocations


You had 13 spell levels left.
You knew the following spells:

 Your Spells              Type           Power        Failure   Level  Hunger
a - Sandblast             Erth           ##....       22%         1    #......


Dungeon Overview and Level Annotations

Branches:
Dungeon (13/15)            Temple (1/1) D:4            Lair (0/6) D:9
    Orc (0/2) D:9
 Vaults: D:13-14

Altars:
Ashenzari
Cheibriados
Dithmenos
Elyvilon
Fedhas
Gozag
Hepliaklqana
Kikubaaqudgha
Makhleb
Nemelex Xobeh
Okawaru
Qazlal
Ru
Sif Muna
Trog
Uskayaw
Vehumet
Xom
Yredelemnul
Zin
The Shining One

Shops:
D:7 !


Innate Abilities, Weirdness & Mutations

You have razor-sharp teeth.
Your natural rate of healing is unusually fast.
When hurt, damage is shared between your health and your magic reserves.
Your bite disrupts and absorbs the magic of your enemies.
Potions cannot restore your health.
You are immune to rotting.


Message History

You hit the brown ugly thing. You freeze the brown ugly thing.
Your bite misses the brown ugly thing.
The brown ugly thing is heavily wounded.
The brown ugly thing kicks you.
* * * LOW HITPOINT WARNING * * *
The acid corrodes you!
You are splashed with acid!
The acid burns!
* * * LOW HITPOINT WARNING * * *
You barely miss the brown ugly thing.
The brown ugly thing is heavily wounded.
The brown ugly thing kicks you!
* * * LOW HITPOINT WARNING * * *
You are splashed with acid!
The acid burns!
* * * LOW HITPOINT WARNING * * *
You hit the brown ugly thing but do no damage.
You bite the brown ugly thing, but do no damage.
The brown ugly thing is heavily wounded.
The brown ugly thing kicks you.
* * * LOW HITPOINT WARNING * * *
You are splashed with acid!
The acid burns!
You die...

###..# ........######.. ###..#
#..........(######..
.....#########...................
.................................
........ ...... ................
.....# #...# ####............
.....# #...# #...........
..>..#######...######...........
................@u...............
...............#########.........
#############..# ......... #
#########..# u...%.... .
...........####### .........
.................. .......{.
########.......... .######†.
#######.......... .# #>.
................. #..


You could see a brown ugly thing.

Vanquished Creatures
  A hydra (D:11)
  Fannar (D:11)
  Erolcha (D:10)
  3 two-headed ogres
  Urug (D:11)
  An unseen horror (D:8)
  Joseph (D:7)
  2 centaur zombies
  2 trolls
  A hornet (D:8)
  5 slime creatures (D:12)
  A hippogriff (D:11)
  A yak (D:8)
  The ghost of Bronet the Sneak, an amateur KoEn (D:4)
  2 humans (D:8)
  A wyvern (D:11)
  A hungry ghost (D:8)
  A vampire mosquito (D:8)
  A water moccasin (D:11)
  A soldier ant (D:12)
  2 hell hounds (D:9)
  A black bear (D:7)
  2 orc warriors (D:8)
  2 sky beasts
  3 ice beasts
  A phantom (D:4)
  A necrophage (D:7)
  A crocodile (D:9)
  3 ogres
  4 centaurs
  6 big kobolds
  3 bullfrogs
  A wyvern zombie (D:12)
  A water moccasin skeleton (D:8)
  A scorpion (D:6)
  4 wights (D:9)
  A howler monkey (D:7)
  A crimson imp (D:8)
  3 hounds
  A jelly (D:12)
  3 orc priests
  Crazy Yiuf (D:7)
  5 orc wizards
  5 bullfrog skeletons
  3 iguanas
  Ijyb (D:5)
  8 worker ants
  Terence (D:1)
  3 hound zombies
  6 gnolls
  13 adders
  2 howler monkey skeletons
  2 river rats (Sewer)
  2 shadow imps
  9 oozes
  An adder zombie (D:8)
  An adder skeleton (D:5)
  6 worms
  4 dart slugs
  4 leopard geckos
  15 orcs
  5 bats
  7 giant cockroaches
  7 goblins
  8 hobgoblins
  4 jackals
  24 kobolds
  5 quokkas
  4 ball pythons
  7 frilled lizards
  A giant cockroach zombie (D:3)
  A quokka zombie (D:5)
  8 rats
247 creatures vanquished.

Notes
Turn   | Place    | Note
-------+----------+-------------------------------------------
     0 | D:1      | kuniqs the Vine Stalker Earth Elementalist began the quest for the Orb.
     0 | D:1      | Reached XP level 1. HP: 9/9 MP: 4/4
    96 | D:1      | Reached XP level 2. HP: 14/14 MP: 6/6
   434 | D:1      | Reached skill level 1 in Armour
   477 | D:1      | Reached skill level 1 in Short Blades
   479 | D:1      | Reached XP level 3. HP: 17/17 MP: 7/7
   825 | D:2      | Noticed Terence
   842 | D:1      | Killed Terence
   842 | D:1      | Reached skill level 1 in Fighting
   933 | D:2      | Gained mutation: Your natural rate of healing is unusually fast. [Vine Stalker growth]
   933 | D:2      | Reached XP level 4. HP: 10/22 MP: 8/8
  1646 | D:3      | Reached XP level 5. HP: 23/25 MP: 9/9
  1682 | D:3      | Found a glowing drain.
  1687 | Sewer    | Entered a sewer
  1890 | Sewer    | Noticed a big kobold
  1911 | Sewer    | Killed a big kobold
  1911 | Sewer    | Reached XP level 6. HP: 29/30 MP: 10/10
  2244 | Sewer    | Reached XP level 7. HP: 36/36 MP: 11/11
  3346 | D:4      | Found a staircase to the Ecumenical Temple.
  3371 | Temple   | Entered the Ecumenical Temple
  3423 | Temple   | Became a worshipper of Uskayaw the Reveler
  3597 | D:4      | Reached * piety under Uskayaw
  3723 | D:4      | Noticed Bronet's ghost (amateur KoEn)
  3743 | D:4      | Reached ** piety under Uskayaw
  3757 | D:4      | Reached *** piety under Uskayaw
  3758 | D:4      | Killed Bronet's ghost
  3758 | D:4      | Reached skill level 1 in Invocations
  3758 | D:4      | Gained mutation: You have razor-sharp teeth. [Vine Stalker growth]
  3758 | D:4      | Reached XP level 8. HP: 40/42 MP: 12/12
  3760 | D:4      | Reached **** piety under Uskayaw
  3764 | D:4      | Reached ***** piety under Uskayaw
  3773 | D:5      | Entered Level 5 of the Dungeon
  4406 | D:5      | Found a white marble altar of Elyvilon.
  4461 | D:5      | Noticed Ijyb
  4493 | D:5      | Paralysed by Ijyb for 7 turns
  4510 | D:5      | Paralysed by Ijyb for 7 turns
  4521 | D:5      | Killed Ijyb
  4699 | D:6      | Found an opulent altar of Gozag.
  4828 | D:6      | Found a sparkling altar of Nemelex Xobeh.
  5005 | D:6      | Got a crude scale mail
  5016 | D:6      | Identified the +6 scale mail of the Bells {MP+9} (You found it on level 6 of the Dungeon)
  5035 | D:6      | You fall through a shaft for 3 floors!
  5074 | D:8      | Reached XP level 9. HP: 42/46 MP: 13/13
  5202 | D:8      | Killed an unseen horror
  5202 | D:8      | Reached skill level 5 in Fighting
  5202 | D:8      | Reached skill level 5 in Short Blades
  5202 | D:8      | Reached skill level 5 in Dodging
  5384 | D:8      | Found a shimmering altar of Xom.
  5386 | D:8      | Found a snail-covered altar of Cheibriados.
  5586 | D:7      | Found a runed door.
  5689 | D:7      | Found a shadowy altar of Dithmenos.
  5731 | D:7      | Reached skill level 5 in Armour
  5832 | D:7      | Found Vodoesm's Distillery.
  5840 | D:7      | Bought a potion of berserk rage for 65 gold pieces
  5840 | D:7      | Bought a potion of might for 52 gold pieces
  5853 | D:7      | Noticed Joseph
  5877 | D:7      | Killed Joseph
  5928 | D:7      | Reached XP level 10. HP: 52/52 MP: 14/14
  5962 | D:7      | Got an ancient spear
  5963 | D:7      | Identified the +8 spear of Defenestration {freeze, rElec} (You found it on level 7 of the Dungeon)
  6311 | D:7      | Found a basalt altar of Yredelemnul.
  6353 | D:7      | Noticed Crazy Yiuf
  6356 | D:7      | Killed Crazy Yiuf
  6478 | D:8      | Reached skill level 5 in Invocations
  6538 | D:8      | Found a glowing golden altar of the Shining One.
  6539 | D:8      | Found a glowing silver altar of Zin.
  6549 | D:8      | Noticed a two-headed ogre
  6564 | D:8      | Killed a two-headed ogre
  6625 | D:8      | Found a white marble altar of Elyvilon.
  6631 | D:8      | Found an iron altar of Okawaru.
  6659 | D:8      | Paralysed by a hornet for 2 turns
  7078 | D:9      | Found a staircase to the Orcish Mines.
  7132 | D:9      | Found a stormy altar of Qazlal.
  7163 | D:9      | Found a blossoming altar of Fedhas.
  7192 | D:9      | Found a staircase to the Lair.
  7257 | D:9      | Noticed a two-headed ogre
  7277 | D:9      | Killed a two-headed ogre
  7676 | D:10     | Entered Level 10 of the Dungeon
  7704 | D:10     | Noticed Erolcha
  7721 | D:10     | Killed Erolcha
  7721 | D:10     | Reached XP level 11. HP: 58/58 MP: 16/16
  7841 | D:10     | Got an ichor-stained leather armour
  7852 | D:10     | Identified the +4 leather armour of the Robin {Int+6} (You found it on level 10 of the Dungeon)
  8281 | D:11     | Noticed Urug
  8321 | D:11     | Killed Urug
  8371 | D:11     | Noticed an eight-headed hydra
  8607 | D:11     | Noticed Fannar
  8638 | D:12     | Noticed a two-headed ogre
  8664 | D:12     | Killed a two-headed ogre
  9040 | D:11     | Killed Fannar
  9150 | D:11     | Killed an eight-headed hydra
  9166 | D:11     | Noticed a brown ugly thing
  9188 | D:11     | Splashed by a brown ugly thing's acid

Skill      XL: |  1  2  3  4  5  6  7  8  9 10 11 |
---------------+----------------------------------+-----
Armour         | 1 2 3 4 5 6 7 |  7.1
Short Blades   | 1 2 3 4 5 6 7 |  7.8
Fighting       | 1 2 3 4 5 6 7 |  7.8
Dodging        | 2 3 4 5 6 7 |  7.4
Invocations    | 1 3 4 6 7 |  7.6
Stealth        | |  2.4
Spellcasting   | |  2.1
Transmutations | |  1.0
Earth Magic    | |  3.0

Action                   |  1- 3 |  4- 6 |  7- 9 | 10-12 || total
-------------------------+-------+-------+-------+-------++-------
Melee: Short sword       |    64 |   340 |   618 |       ||  1022
       Bite              |    18 |    84 |   205 |   118 ||   425
       Great mace        |       |       |    67 |       ||    67
       Halberd           |       |       |    40 |       ||    40
       Quarterstaff      |       |       |     3 |     5 ||     8
       Spear             |       |       |       |   431 ||   431
 Cast: Sandblast         |    14 |       |       |       ||    14
Evoke: Lamp of fire      |       |       |       |     1 ||     1
  Use: Scroll            |       |     2 |     4 |     1 ||     7
       Potion            |       |     2 |     1 |       ||     3
 Stab: Sleeping          |     3 |       |       |       ||     3
       Paralysed         |       |       |     9 |    25 ||    34
       Distracted        |       |       |       |     1 ||     1
  Eat: Chunk             |       |     5 |    14 |    11 ||    30
       Meat ration       |       |       |     1 |       ||     1
Armor: Robe              |     4 |       |       |       ||     4
       Chain mail        |    17 |   217 |   118 |       ||   352
       Fire dragon scale |       |       |   161 |       ||   161
       Scale mail        |       |       |   199 |   195 ||   394
Dodge: Dodged            |    26 |    96 |   340 |   199 ||   661
Block: Other             |       |       |       |    39 ||    39
